 Dungeon Crawl Stone Soup version 0.19.0-19-g8c6edcc (webtiles) character file.

1870085 soberaf the Executioner (level 27, 250/250 HPs)
             Began as a Ghoul Berserker on Nov 15, 2016.
             Was the Champion of Trog.
             Escaped with the Orb
             ... and 3 runes on Nov 16, 2016!
             The game lasted 06:00:34 (57154 turns).

soberaf the Executioner (Ghoul Berserker)          Turns: 57154, Time: 06:00:34

Health: 250/250    AC: 35    Str: 27    XL:     27
Magic:  9/9        EV: 32    Int:  3    God:    Trog [******]
Gold:   822        SH:  0    Dex: 17    Spells: 0 memorised, 26 levels left

rFire  + + +     SeeInvis .     J - +9 executioner's axe (antimagic)
rCold  . . .     Gourm    .     f - +6 fire dragon scales
rNeg   + + +     Faith    .     (shield currently unavailable)
rPois  ∞         Spirit   .     K - +2 helmet
rElec  +         Reflect  .     q - +2 cloak
rCorr  .         Harm     .     m - +2 pair of gloves {Str+3}
MR     ++...                    x - +1 pair of boots
Stlth  +.........               R - amulet of the Air {Inacc +Fly rElec EV+5 RMsl}
                                C - +4 ring of evasion
                                d - ring of protection from fire

@: very slightly contaminated, rotting, repel missiles
A: rotting body, claws 1, carnivore 3, cold resistance 1, negative energy
resistance 3, slow regeneration 1, torment resistance, unbreathing
a: Trog's Hand, Brothers in Arms, Burn Spellbooks, Renounce Religion, Evoke
Flight
0: Orb of Zot
}: 3/15 runes: serpentine, barnacled, silver


You escaped.
You worshipped Trog.
Trog was exalted by your worship.
You were not hungry.

You visited 8 branches of the dungeon, and saw 46 of its levels.
You also visited: Labyrinth and Ice Cave.

You collected 5850 gold pieces.
You spent 5028 gold pieces at shops.

Inventory:

Hand Weapons
 J - a +9 antimagic executioner's axe (weapon)
 Y - the +7 sceptre of Torment
   (You found it on level 6 of the Lair of Beasts)
Missiles
 v - 12 throwing nets
 S - 9 poisoned javelins (quivered)
Armour
 f - +6 fire dragon scales (worn)
 m - a +2 pair of gloves of strength (worn)
 q - a +2 cloak (worn)
 x - a +1 pair of boots (worn)
 K - a +2 helmet (worn)
Jewellery
 d - a ring of protection from fire (left hand)
 w - an uncursed ring of see invisible
 C - a +4 ring of evasion (right hand)
 P - the ring "Iteufacu" {rF- EV+4 Str+4 Int+2}
   (You bought it in a shop on level 2 of the Snake Pit)

   [ring of evasion]

   It affects your evasion (+4).
   It affects your strength (+4).
   It affects your intelligence (+2).
   It makes you vulnerable to fire.
 R - the amulet of the Air (around neck) {Inacc +Fly rElec EV+5 RMsl}
   (You bought it in a shop on level 3 of the Vaults)

   [amulet of inaccuracy]

   It reduces the accuracy of all your attacks.
   It affects your evasion (+5).
   It insulates you from electricity.
   It lets you fly.
   It protects you from missiles.
Wands
 b - a wand of acid (1/15)
 g - a wand of iceblast (4/15)
 s - a wand of digging (1/24)
 u - a wand of disintegration (6/24)
 L - a wand of hasting (2/9)
 T - a wand of heal wounds (7/9)
Scrolls
 a - 4 scrolls of immolation
 e - 21 scrolls of remove curse
 h - 9 scrolls of teleportation
 l - a scroll of silence
 o - a scroll of torment
 p - 4 scrolls of fog
 t - 4 scrolls of identify
 I - 2 scrolls of recharging
 Q - 5 scrolls of fear
Potions
 i - a potion of might
 k - 13 potions of curing
 F - 7 potions of cancellation
 N - 4 potions of invisibility
 U - 2 potions of ambrosia
 V - 6 potions of flight
 W - a potion of resistance
Books
 H - a book of Burglary

   Spells                             Type                      Level
   a - Swiftness                      Charms/Air                   2
   b - Passwall                       Transmutation/Earth          2
   c - Passage of Golubria            Translocation                4
   d - Lee's Rapid Deconstruction     Earth                        5
   e - Darkness                       Hexes                        6
   f - Invisibility                   Hexes                        6
   Trog disapproves of the use of such an item.
Miscellaneous
 z - a phantom mirror
 G - a disc of storms
 M - a phial of floods
Comestibles
 c - 27 meat rations
 j - 13 beef jerkies


   Skills:
 - Level 21.0 Fighting
 - Level 26.0 Axes
 - Level 12.0 Staves
 - Level 19.0 Armour
 + Level 18.6 Dodging
 - Level 8.0 Stealth
   Level 4.0 Shields
 - Level 10.0 Evocations


You had 26 spell levels left.
You didn't know any spells.

Dungeon Overview and Level Annotations

Branches:
Dungeon (15/15)            Temple (0/1) D:6            Lair (6/6) D:10
 Shoals (4/4) Lair:3        Snake (4/4) Lair:4        Slime (0/5) Lair:5
    Orc (2/2) D:9             Elf (0/3) Orc:2        Vaults (5/5) D:13
  Crypt (0/3) Vaults:2     Depths (5/5) D:15            Zot (5/5) Depths:5

Altars:
Dithmenos
Elyvilon
Fedhas
Hepliaklqana
Makhleb
Nemelex Xobeh
Okawaru
Qazlal
Sif Muna
Uskayaw
Xom
Beogh
Jiyva

Shops:
D:4 :   D:10 :(**   D:14 *   Orc:2 *?!?[   Snake:2 *   Vaults:3 =   Vaults:4 [
Vaults:5 !   Depths:1 =

Portals:
Hell: Depths:1 Depths:2 Depths:3 Depths:4 Depths:5
Abyss: Depths:4
Pandemonium: Depths:3 Depths:4
Ziggurat: Depths:5
Trove: Vaults:1 (give +4 storm dragon scales)

Annotations:
D:13 exclusion: obsidian statue
Vaults:4 Mennas
Zot:5 exclusion: obsidian statue


Innate Abilities, Weirdness & Mutations

Your body is rotting away.
You thrive on raw meat.
You are immune to poison.
You have sharp fingernails.
You are carnivorous and can eat meat at any time.
Your flesh is cold resistant. (rC+)
You are immune to negative energy. (rN+++)
You regenerate slowly when monsters are visible.
You are immune to unholy pain and torment.
You can survive without breathing.


Message History

Evoke which item? (* to show all) (? for menu, Esc to quit)
Zapping:
L - a wand of hasting (3/9)
Press: ? - help, Shift-Dir - straight line, f - you You feel yourself speed up.
This wand has 2 charges left.
There is a stone staircase leading up here.
You climb upwards.
There is a stone staircase leading down here.
Your extra speed is starting to run out.
You are lightly contaminated with residual magic.
You feel yourself slow down.
There is a large open door here.
A shadow imp comes into view.
(D) Dungeon (T) Temple (L) Lair (A) Shoals (P) Snake Pit (M) Slime Pits (O) Orcish Mines (E) Elven Halls (V) Vaults (C) Crypt (U) Depths (H) Hell (Z) Zot
Where to? (Enter - D:1 @ (x,y), ? - help)
There is an open door here.
There is a staircase leading out of the dungeon here.
You have escaped!

###################
#)..'.....@.....'.#########
#################..........
#...# ##......... #...#
#.........
######...############.....
#........##.....# #.....
#........##.....#####.....
#........''.....'...'.....
#........##.....#####.....


There were no monsters in sight!

Vanquished Creatures
  6 orbs of fire
  6 ancient liches
  Sojobo (Vaults:3)
  Bai Suzhen (Depths:1)
  Frederick (Vaults:5)
  Vashnia (Snake:3)
  A caustic shrike (shapeshifter) (Vaults:2)
  A caustic shrike (Depths:4)
  Margery (Depths:5)
  Xtahua (Depths:3)
  A large abomination (Vaults:5)
  4 Killer Klowns (Zot:5)
  4 golden dragons
  A bone dragon (Depths:5)
  2 electric golems
  8 liches
  A hellephant (Depths:1)
  Rupert (D:14)
  6 tentacled monstrosities
  A deep elf blademaster (Depths:2)
  28 Orb Guardians
  Asterion (Depths:3)
  6 quicksilver dragons
  4 titans (Vaults:5)
  The ghost of SaintRoka the Fighter, an adept OgTm of Cheibriados (Shoals:3)
  An Executioner (D:6)
  Polyphemus (Shoals:4)
  6 death cobs
  7 sphinxes
  10 shadow dragons
  13 storm dragons
  6 tengu reavers
  Kirke (Lair:4)
  A storm dragon (shapeshifter) (Depths:2)
  13 nagarajas
  Donald (Shoals:1)
  Roxanne (Snake:1)
  4 draconian monks
  Ilsuiw (Shoals:4)
  8 fire giants
  A ghost moth (shapeshifter) (D:15)
  4 ghost moths
  2 iron dragons (shapeshifter) (Depths:2)
  9 frost giants
  A balrug (Zot:3)
  A deep elf sorcerer (Vaults:2)
  15 vault wardens
  Aizul (Snake:1)
  5 draconian knights
  5 draconian zealots
  A draconian scorcher (Zot:2)
  3 draconian shifters
  An orc warlord (Orc:1)
  A deep elf elementalist (Vaults:5)
  Louise (Shoals:3)
  A ghoul (Vaults:4)
  5 draconian annihilators
  2 war gargoyles
  14 stone giants
  A stone giant (shapeshifter) (Depths:2)
  8 very ugly things
  3 spriggan defenders (Depths:5)
  7 green draconians
  The ghost of coffeespoons the Warrior, a journeyman MiBe of Trog (Orc:2)
  20 ironheart preservers
  2 draconian callers
  5 vampire knights
  A small abomination (Vaults:5)
  A lorocyproca (Depths:2)
  7 black draconians
  3 spark wasps
  2 deep elf demonologists
  An entropy weaver (Vaults:5)
  15 dire elephants (Depths:1)
  7 yellow draconians
  6 purple draconians
  5 deep elf annihilators
  4 red draconians
  9 ettins
  6 white draconians
  An ettin (shapeshifter) (Depths:1)
  A merfolk javelineer (Shoals:4)
  4 mottled draconians
  3 deep elf death magi
  16 merfolk impalers
  4 crystal guardians
  2 blizzard demons
  A minotaur (Lab)
  11 fire dragons
  3 fire dragons (shapeshifter)
  17 yaktaur captains
  3 jiangshi (Depths:1)
  8 rakshasas
  A hydra (shapeshifter) (Depths:3)
  7 great orbs of eyes
  A deep elf high priest (Depths:5)
  Harold (Lair:1)
  33 vault guards
  12 naga warriors
  13 ogre magi
  12 spriggan air magi
  12 ice dragons
  21 anacondas
  A juggernaut simulacrum (Depths:2)
  An anaconda (shapeshifter) (Vaults:5)
  8 hydras
  6 catoblepae
  7 dancing weapons
  5 death knights
  10 tengu warriors
  5 merfolk aquamancers
  15 centaur warriors
  10 death yaks
  21 deep troll earth magi
  4 merfolk avatars
  8 deep troll shamans
  3 soul eaters
  4 orc high priests
  10 naga sharpshooters
  A vampire mage (Depths:1)
  A hell hog (shapeshifter) (Vaults:5)
  8 shock serpents
  A shock serpent (shapeshifter) (Vaults:5)
  7 deep elf knights
  2 spriggan berserkers
  A storm dragon zombie (Vaults:3)
  7 salamander mystics
  Nergalle (Lair:2)
  3 shadow wraiths (Vaults:4)
  16 hell knights
  A skeletal warrior (Vaults:2)
  A flayed ghost (Vaults:5)
  3 iron trolls
  5 glowing orange brains
  2 unseen horrors
  A sea snake (shapeshifter) (Depths:2)
  43 deep trolls
  10 naga ritualists
  16 sea snakes
  6 wizards
  17 harpies
  5 deep elf archers
  2 spriggan druids (Depths:4)
  12 ironbrand convokers
  3 lindwurms
  7 hill giants
  23 orc knights
  26 deep elf magi
  5 necromancers
  A harpy (shapeshifter) (Vaults:3)
  9 phantasmal warriors
  6 orc sorcerers
  60 ugly things
  12 mana vipers
  7 fauns
  13 salamanders
  5 wolf spiders
  7 cyclopes
  12 manticores
  2 cyclopes (shapeshifter)
  14 sirens
  10 elephants
  4 guardian serpents
  A fire giant zombie (Vaults:3)
  A black mamba (shapeshifter) (D:15)
  2 centaur zombies
  Maurice (D:8)
  37 black mambas
  15 moths of wrath
  11 vault sentinels
  2 rust devils
  18 naga magi
  2 smoke demons
  4 water nymphs
  A torpor snail (Lair:6)
  3 gargoyles
  4 centaur skeletons
  A kobold demonologist (D:11)
  3 rime drakes
  14 freezing wraiths
  A spiny frog (shapeshifter) (Depths:4)
  7 spiny frogs
  45 yaktaurs
  6 komodo dragons
  An efreet (Depths:2)
  5 ice devils
  A yaktaur (shapeshifter) (Vaults:2)
  A redback zombie (D:14)
  A hellwing (D:12)
  A tengu conjurer (Depths:1)
  32 merfolk
  21 two-headed ogres
  6 trolls
  A shadow dragon simulacrum (Vaults:3)
  A queen bee (shapeshifter) (D:15)
  9 hornets
  2 polar bears
  7 wind drakes
  2 tyrant leeches (Lair:6)
  Grinder (D:4)
  22 slime creatures
  8 dream sheep
  19 blink frogs
  14 snapping turtles
  21 hippogriffs
  9 air elementals
  2 centaur simulacra (D:15)
  2 redbacks (Vaults:5)
  2 shadows (Lab)
  A spriggan (shapeshifter) (Vaults:2)
  5 spriggans
  8 wyverns
  6 wraiths
  4 ynoxinuls
  34 yaks
  2 humans (shapeshifter)
  10 water elementals
  3 hogs (Lair:4)
  A hog (shapeshifter) (D:14)
  3 basilisks
  2 human simulacra
  Grum (D:11)
  3 chaos spawn
  6 mottled dragons
  58 nagas
  5 vampire mosquitoes
  A swamp worm (Lair:6)
  10 wargs
  2 soldier ants (shapeshifter)
  9 porcupines
  16 water moccasins
  A floating eye (shapeshifter) (Vaults:5)
  16 ice beasts
  An ettin simulacrum (Vaults:3)
  2 hell hounds (Depths:4)
  2 necrophages
  45 orc warriors
  2 black bears
  An eye of draining (D:15)
  5 sky beasts
  A hornet zombie (D:13)
  45 ogres
  3 phantoms
  A human skeleton (Vaults:3)
  6 wolves
  4 boggarts (Depths:1)
  4 centaurs
  16 crocodiles
  5 big kobolds
  27 bullfrogs
  A deep troll simulacrum (Vaults:2)
  A wyvern skeleton (D:8)
  4 scorpions
  15 killer bees
  10 wights
  9 howler monkeys
  3 vampire bats (D:3)
  2 electric eels
  13 crimson imps
  2 lava snakes (D:8)
  A quasit (D:12)
  7 hounds
  7 jellies
  3 bullfrog skeletons
  23 orc priests
  6 iguanas
  28 orc wizards
  7 worker ants
  A killer bee zombie (D:7)
  2 hound skeletons
  A worker ant zombie (D:8)
  Robin (D:2)
  10 gnolls
  12 adders
  A river rat (Lair:6)
  7 shadow imps
  2 white imps (D:11)
  An ufetubus (D:11)
  4 oozes
  An adder skeleton (D:4)
  4 worms
  A worm (shapeshifter) (Vaults:4)
  A dart slug (D:1)
  3 leopard geckos
  106 orcs
  A giant cockroach (D:7)
  12 goblins
  12 hobgoblins
  14 jackals
  28 kobolds
  2 quokkas
  A ball python skeleton (D:3)
  16 bats
  3 frilled lizards
  A leopard gecko skeleton (D:8)
  A quokka skeleton (D:4)
  8 rats
  A crawling corpse (Vaults:5)
  3 fungi
  14 plants
2217 creatures vanquished.

Vanquished Creatures (collateral kills)
  A pandemonium lord (D:15)
  An Orb Guardian (D:15)
  A shadow dragon (Zot:1)
  A rakshasa (D:15)
  An anaconda (Snake:1)
  Urug (D:15)
  A sixfirhy (D:15)
  A naga ritualist (Snake:1)
  A mana viper (Snake:1)
  A manticore (D:11)
  An ugly thing (IceCv)
  A wraith (D:15)
12 creatures vanquished.

Vanquished Creatures (others)
  A death cob (Zot:2)
  A storm dragon (Vaults:5)
  3 fire giants
  A spriggan defender (Depths:1)
  A white draconian (Zot:5)
  2 merfolk javelineers (Shoals:4)
  A naga warrior (Snake:2)
  A deep troll shaman (Depths:3)
  3 naga sharpshooters
  A shock serpent (Snake:4)
  A naga ritualist (Snake:1)
  A flayed ghost (Depths:2)
  2 necromancers (Depths:4)
  2 ugly things (Depths:1)
  A deep elf mage (Vaults:4)
  A salamander (Snake:4)
  3 cyclopes
  A moth of wrath (Zot:5)
  A black mamba (Snake:4)
  2 naga magi
  A yaktaur (Vaults:2)
  A merfolk (Shoals:4)
  A hornet (Depths:4)
  2 two-headed ogres (Vaults:2)
  A golden eye (shapeshifter) (Vaults:5)
  3 nagas
  2 orc warriors
  A black bear (D:9)
  3 ogres
  2 centaurs
  A jelly (D:9)
  A hound (D:9)
  An orc (D:9)
  A bush (Depths:4)
  88 fungi
  71 plants
210 creatures vanquished.

Grand Total: 2439 creatures vanquished

Notes
Turn   | Place    | Note
-------+----------+-------------------------------------------
     0 | D:1      | soberaf the Ghoul Berserker began the quest for the Orb.
     0 | D:1      | Reached XP level 1. HP: 19/19 MP: 0/0
   218 | D:1      | Reached skill level 3 in Axes
   254 | D:1      | Reached XP level 2. HP: 19/26 MP: 1/1
   827 | D:1      | Reached XP level 3. HP: 17/31 MP: 2/2
   975 | D:2      | Found a blossoming altar of Fedhas.
  1097 | D:2      | Reached skill level 4 in Axes
  1147 | D:2      | Reached ** piety under Trog
  1300 | D:2      | Reached XP level 4. HP: 37/38 MP: 3/3
  1425 | D:2      | Noticed Robin
  1439 | D:2      | Killed Robin
  1966 | D:3      | Reached skill level 5 in Axes
  2052 | D:3      | Reached XP level 5. HP: 45/45 MP: 4/4
  2439 | D:3      | Reached skill level 6 in Axes
  2439 | D:3      | Reached XP level 6. HP: 48/51 MP: 5/5
  2632 | D:4      | Noticed Grinder
  2649 | D:4      | Killed Grinder
  2649 | D:4      | Reached skill level 7 in Axes
  2649 | D:4      | Reached XP level 7. HP: 57/57 MP: 6/6
  3051 | D:4      | Found Ojipel Ysso's Book Emporium.
  3216 | D:5      | Entered Level 5 of the Dungeon
  3735 | D:5      | Found a burning altar of Makhleb.
  3864 | D:5      | Reached skill level 8 in Axes
  4275 | D:6      | Reached XP level 8. HP: 58/63 MP: 7/7
  4281 | D:6      | Found a hide-covered altar of Uskayaw.
  4285 | D:6      | Noticed a dagger
  4286 | D:6      | Noticed a hand axe
  4408 | D:6      | Reached skill level 9 in Axes
  4422 | D:6      | Reached skill level 1 in Stealth
  4598 | D:6      | Found a staircase to the Ecumenical Temple.
  4617 | D:6      | Reached *** piety under Trog
  5067 | D:6      | Reached skill level 5 in Fighting
  5238 | D:6      | Reached XP level 9. HP: 52/78 MP: 8/8
  5342 | D:7      | Found a hazy altar of Hepliaklqana.
  5483 | D:7      | Reached **** piety under Trog
  6268 | D:8      | Noticed a two-headed ogre
  6595 | D:8      | Found a white marble altar of Elyvilon.
  6602 | D:8      | Found a shadowy altar of Dithmenos.
  6619 | D:8      | Noticed Maurice
  6636 | D:8      | Killed Maurice
  6636 | D:8      | Reached skill level 5 in Dodging
  6636 | D:8      | Reached XP level 10. HP: 90/90 MP: 9/9
  6729 | D:7      | Found a sparkling altar of Nemelex Xobeh.
  6795 | D:8      | Reached skill level 1 in Evocations
  7110 | D:9      | Found a shimmering altar of Xom.
  7280 | D:9      | Reached ***** piety under Trog
  7373 | D:9      | Found a staircase to the Orcish Mines.
  7461 | D:9      | Found a stormy altar of Qazlal.
  7692 | Orc:1    | Entered Level 1 of the Orcish Mines
  7692 | Orc:1    | Noticed an orc knight
  7708 | D:10     | Entered Level 10 of the Dungeon
  7765 | D:10     | Found Qeodasin's Antique Weapon Boutique.
  7775 | D:10     | Reached skill level 5 in Evocations
  7943 | D:10     | Found Piaczaph's Book Emporium.
  8280 | D:10     | Noticed a hill giant
  8955 | D:10     | Reached skill level 10 in Axes
  8962 | D:10     | Reached XP level 11. HP: 81/97 MP: 14/14
  9112 | D:10     | Reached skill level 10 in Fighting
  9261 | D:10     | Bought a glowing war axe for 199 gold pieces
  9277 | D:10     | Received a gift from Trog
  9295 | D:10     | Killed a hill giant
  9318 | D:10     | Found Poepp's Assorted Antiques.
  9357 | D:10     | Found a staircase to the Lair.
  9402 | D:10     | Found Ahyan's General Store.
  9775 | Lair:1   | Entered Level 1 of the Lair of Beasts
  9785 | Lair:1   | Noticed a six-headed hydra
 10070 | D:11     | Reached skill level 11 in Axes
 10325 | D:11     | Found a frozen archway.
 10493 | IceCv    | Entered an ice cave
 10578 | IceCv    | Noticed a white ugly thing
 10601 | IceCv    | Killed a white ugly thing
 10601 | IceCv    | Reached skill level 12 in Axes
 10951 | D:11     | Noticed a manticore
 10958 | D:11     | Killed a manticore
 11081 | D:11     | Got a polished whip
 11083 | D:11     | Identified the +5 whip of Duetieru {venom, rPois Int+5} (You found it on level 11 of the Dungeon)
 11564 | D:11     | Noticed Grum
 11592 | D:11     | Killed Grum
 11592 | D:11     | Reached XP level 12. HP: 70/106 MP: 15/15
 11829 | Lair:1   | Killed a six-headed hydra
 11829 | Lair:1   | Reached skill level 13 in Axes
 12066 | Lair:1   | Received a gift from Trog
 12591 | Lair:1   | Noticed Harold
 12615 | Lair:1   | Killed Harold
 13004 | Lair:1   | You fall through a shaft!
 13130 | Lair:2   | Reached skill level 14 in Axes
 13558 | Lair:2   | Noticed Nergalle
 13578 | Lair:2   | Killed Nergalle
 13973 | Lair:2   | Reached XP level 13. HP: 100/112 MP: 16/16
 14260 | Lair:3   | Found a staircase to the Shoals.
 14782 | Lair:4   | Found a staircase to the Snake Pit.
 14841 | Lair:4   | Got a transparent buckler
 14848 | Lair:4   | Identified the cursed +0 buckler of Olefuj {rF+ rC- MR+ SInv} (You found it on level 4 of the Lair of Beasts)
 15152 | Lair:4   | Reached skill level 1 in Shields
 16495 | Lair:5   | Found a viscous altar of Jiyva.
 16495 | Lair:5   | Found a staircase to the Slime Pits.
 16815 | Lair:6   | Entered Level 6 of the Lair of Beasts
 16928 | Lair:6   | Identified a scroll of acquirement
 17055 | Lair:6   | Reached skill level 5 in Armour
 17082 | Lair:6   | Received a gift from Trog
 17368 | Lair:6   | Reached XP level 14. HP: 100/129 MP: 17/17
 17850 | Lair:6   | Received a gift from Trog
 19066 | D:12     | Reached skill level 1 in Staves
 19364 | D:12     | Found a viscous altar of Jiyva.
 20086 | Orc:2    | Entered Level 2 of the Orcish Mines
 20093 | Orc:2    | Noticed coffeespoons's ghost (journeyman MiBe)
 20165 | Orc:2    | Killed coffeespoons's ghost
 20206 | Orc:2    | Received a gift from Trog
 20207 | Orc:2    | Got a jewelled quarterstaff {god gift}
 20341 | Orc:1    | Reached skill level 5 in Staves
 20516 | Orc:2    | Paralysed by an orc sorcerer for 4 turns
 20522 | Orc:2    | HP: 2/132 [sixfirhy[an orc sorcerer] (11)]
 20757 | Orc:2    | Found a roughly hewn altar of Beogh.
 20921 | Orc:1    | Noticed an orc warlord
 20983 | Orc:1    | Killed an orc warlord
 21188 | Orc:1    | Reached XP level 15. HP: 116/138 MP: 18/18
 21436 | Orc:2    | Found Kaseacan's Armour Shoppe.
 21523 | Orc:2    | Found a staircase to the Elven Halls.
 21704 | Orc:2    | Found a deep blue altar of Sif Muna.
 21729 | Orc:2    | Reached ****** piety under Trog
 21731 | Orc:2    | Identified Sif Muna's Guide on Beguiling
 22055 | Orc:1    | Identified the +2 quarterstaff "Honyimoseu" {freeze, MR+} (Trog gifted it to you on level 2 of the Orcish Mines)
 22105 | Orc:2    | Found Naro's Distillery.
 22105 | Orc:2    | Found Zujor's Magic Scroll Boutique.
 22107 | Orc:2    | Found Kautt's Assorted Antiques.
 22107 | Orc:2    | Found Edghuank's Magic Scroll Boutique.
 22117 | Orc:2    | Received a gift from Trog
 22135 | Orc:2    | Bought a scroll of random uselessness for 13 gold pieces
 22141 | Orc:2    | Bought 2 potions of resistance for 340 gold pieces
 22198 | Orc:2    | Bought a +2 chain mail of fire resistance for 322 gold pieces
 22198 | Orc:2    | Bought a +2 helmet for 247 gold pieces
 22198 | Orc:2    | Bought a +2 cloak for 247 gold pieces
 22275 | Orc:2    | Bought a scroll of enchant armour for 97 gold pieces
 22280 | Orc:2    | Bought a potion of magic for 136 gold pieces
 22284 | Orc:2    | Bought a scroll of enchant armour for 105 gold pieces
 22450 | D:13     | Found a gate to the Vaults.
 22544 | D:13     | Found a labyrinth entrance.
 22553 | Lab      | Entered a labyrinth
 23427 | Lair:4   | Noticed Kirke
 23450 | Lair:4   | Killed Kirke
 23585 | Snake:1  | Entered Level 1 of the Snake Pit
 23597 | Lair:4   | Reached skill level 10 in Staves
 23672 | Snake:1  | Noticed Aizul
 23687 | Snake:1  | Killed Aizul
 24021 | Snake:1  | Received a gift from Trog
 24074 | Snake:1  | Noticed Roxanne
 24664 | Snake:2  | Found Wuyjuqeh's General Store.
 24706 | Snake:2  | Reached XP level 16. HP: 124/146 MP: 19/19
 24985 | Snake:2  | Noticed a nagaraja
 24993 | Snake:2  | Killed a nagaraja
 25087 | Snake:2  | Reached skill level 10 in Dodging
 25354 | Snake:3  | Noticed Vashnia
 25457 | Snake:3  | Killed Vashnia
 25482 | Snake:3  | Received a gift from Trog
 25531 | Snake:3  | Noticed Mara
 25735 | Snake:3  | Noticed soberaf's illusion
 26254 | Snake:3  | Noticed a nagaraja
 26278 | Snake:3  | Killed a nagaraja
 26446 | Snake:4  | Entered Level 4 of the Snake Pit
 26561 | Snake:4  | Reached XP level 17. HP: 57/151 MP: 20/20
 26908 | Snake:4  | Received a gift from Trog
 26913 | Snake:4  | Reached skill level 10 in Armour
 28222 | Snake:4  | Got a serpentine rune of Zot
 28454 | Shoals:1 | Entered Level 1 of the Shoals
 28484 | Shoals:1 | Reached XP level 18. HP: 160/160 MP: 21/21
 28535 | Shoals:1 | Reached skill level 5 in Stealth
 28552 | Shoals:1 | Received a gift from Trog
 28685 | Shoals:1 | Noticed Donald
 28703 | Shoals:1 | Killed Donald
 30057 | Shoals:3 | Noticed Louise
 30065 | Shoals:3 | Killed Louise
 30356 | Shoals:3 | Received a gift from Trog
 30442 | Shoals:3 | Noticed SaintRoka's ghost (adept OgTm)
 30506 | Shoals:3 | Killed SaintRoka's ghost
 30881 | Shoals:4 | Entered Level 4 of the Shoals
 31023 | Shoals:4 | Noticed Ilsuiw
 31043 | Shoals:4 | Killed Ilsuiw
 31060 | Shoals:4 | Reached skill level 10 in Evocations
 31104 | Shoals:4 | Noticed Polyphemus
 31139 | Shoals:4 | HP: 7/160 [Polyphemus (14)]
 31141 | Shoals:4 | Killed Polyphemus
 31657 | Shoals:4 | Received a gift from Trog
 31658 | Shoals:4 | Got a dazzling quarterstaff {god gift}
 31690 | Shoals:4 | Reached XP level 19. HP: 74/167 MP: 25/25
 31746 | Shoals:4 | Reached skill level 15 in Axes
 32567 | Shoals:4 | Identified Sif Muna's Incunabulum of Enchanting Good Luck
 32814 | Shoals:4 | Got a barnacled rune of Zot
 33255 | D:14     | Found Huniuci's Changing Room.
 33295 | D:14     | Noticed Rupert
 33316 | D:14     | Killed Rupert
 33316 | D:14     | Reached skill level 16 in Axes
 33529 | D:14     | Received a gift from Trog
 33924 | D:15     | Entered Level 15 of the Dungeon
 34045 | D:15     | Found an iron altar of Okawaru.
 34540 | D:15     | Noticed Urug
 34549 | D:15     | Killed Urug
 34788 | D:15     | Found a staircase to the Depths.
 35122 | Snake:2  | Bought the ring "Iteufacu" {rF- EV+4 Str+4 Int+2} for 729 gold pieces
 35403 | Vaults:1 | Entered Level 1 of the Vaults
 35537 | Vaults:1 | Received a gift from Trog
 35551 | Vaults:1 | Reached skill level 17 in Axes
 36283 | Vaults:1 | Found a portal to a secret trove of treasure.
 36618 | Vaults:1 | Reached XP level 20. HP: 173/174 MP: 26/26
 37034 | Vaults:2 | Got a slimy chain mail
 37035 | Vaults:2 | Identified the cursed +1 chain mail of Ruyczus {Str+3 SInv} (You found it on level 2 of the Vaults)
 37160 | Vaults:2 | Received a gift from Trog
 37201 | Vaults:2 | Reached skill level 18 in Axes
 37248 | Vaults:2 | Paralysed by a vampire knight for 7 turns
 37380 | Vaults:2 | Received a gift from Trog
 37606 | Vaults:2 | Found a staircase to the Crypt.
 37839 | Vaults:2 | Received a gift from Trog
 37977 | Vaults:2 | Reached skill level 19 in Axes
 38218 | Vaults:2 | Noticed a hellephant
 38234 | Vaults:2 | a hellephant changed into an iron dragon
 38235 | Vaults:2 | Noticed a caustic shrike
 38235 | Vaults:2 | an iron dragon changed into a caustic shrike
 38247 | Vaults:2 | Killed a caustic shrike
 38892 | Vaults:3 | Noticed Sojobo
 38913 | Vaults:3 | Received a gift from Trog
 38915 | Vaults:3 | Killed Sojobo
 38915 | Vaults:3 | Reached skill level 20 in Axes
 38915 | Vaults:3 | Reached XP level 21. HP: 92/181 MP: 27/27
 39572 | Vaults:3 | Reached skill level 15 in Fighting
 39781 | Vaults:3 | Found Fosm's Jewellery Emporium.
 39801 | Vaults:3 | Bought the amulet of the Air {Inacc +Fly rElec EV+5 RMsl} for 714 gold pieces
 40063 | Vaults:3 | Identified the Reference Book on Execration and Stolen Souls
 40543 | Vaults:4 | Received a gift from Trog
 41242 | Vaults:4 | Received a gift from Trog
 41620 | Vaults:4 | Noticed Mennas
 41865 | Depths:1 | Entered Level 1 of the Depths
 41888 | Depths:1 | Reached XP level 22. HP: 152/202 MP: 28/28
 41889 | Depths:1 | Received a gift from Trog
 41912 | Depths:1 | Found Wodghim's Jewellery Shop.
 41914 | Depths:1 | Found a gateway to Hell.
 41923 | Depths:1 | Noticed Bai Suzhen
 42197 | Depths:1 | Killed Bai Suzhen
 42412 | Depths:1 | Reached skill level 15 in Dodging
 42657 | Depths:1 | Received a gift from Trog
 43455 | Depths:2 | Reached skill level 15 in Armour
 43534 | Depths:2 | Reached XP level 23. HP: 202/209 MP: 2/29
 43810 | Depths:2 | Received a gift from Trog
 44337 | Depths:3 | Noticed Asterion
 44358 | Depths:3 | Killed Asterion
 44607 | Depths:3 | Received a gift from Trog
 44760 | Depths:3 | Noticed Xtahua
 44772 | Depths:3 | Killed Xtahua
 45354 | Depths:3 | Found a one-way gate leading to the halls of Pandemonium.
 46857 | Vaults:3 | Bought an uncursed ring of protection from fire for 375 gold pieces
 47012 | D:10     | Bought a scroll of enchant weapon for 195 gold pieces
 47188 | Snake:1  | Killed Roxanne
 47242 | Snake:2  | Bought a scroll of enchant weapon for 112 gold pieces
 47553 | Vaults:4 | Found Uvael's Antique Armour Boutique.
 47596 | Vaults:4 | Received a gift from Trog
 47920 | Vaults:5 | Entered Level 5 of the Vaults
 47927 | Vaults:5 | Reached XP level 24. HP: 201/221 MP: 9/29
 47962 | Vaults:5 | Paralysed by a floating eye for 2 turns
 48007 | Vaults:5 | Received a gift from Trog
 48014 | Vaults:5 | Reached skill level 21 in Axes
 48081 | Vaults:5 | Noticed Frederick
 48133 | Vaults:5 | Killed Frederick
 48421 | Vaults:5 | Received a gift from Trog
 48501 | Vaults:5 | Reached skill level 22 in Axes
 48799 | Vaults:5 | Noticed an ancient lich
 48807 | Vaults:5 | Reached XP level 25. HP: 131/226 MP: 9/29
 48837 | Vaults:5 | Killed an ancient lich
 48904 | Vaults:5 | Received a gift from Trog
 48921 | Vaults:5 | Reached skill level 23 in Axes
 48949 | Vaults:5 | Got a pitted pewter ring
 48974 | Vaults:5 | Identified the ring of Feloclej {MR+ Int+4 Stlth+} (You took it off an ironheart preserver on level 5 of the Vaults)
 49081 | Vaults:5 | Identified the Incunabulum of Floating Enhancements
 49311 | Vaults:5 | Got a silver rune of Zot
 49315 | Vaults:5 | Got a faintly glowing chain mail
 49327 | Vaults:5 | Identified the +7 chain mail of the Hundredfold Curses {rN+} (You took it off an orc on level 5 of the Vaults)
 49561 | Vaults:5 | Found Mobuq's Distillery.
 49569 | Vaults:5 | Bought a potion of invisibility for 152 gold pieces
 49569 | Vaults:5 | Bought a potion of cancellation for 152 gold pieces
 49569 | Vaults:5 | Bought a potion of might for 76 gold pieces
 49569 | Vaults:5 | Bought 2 potions of curing for 114 gold pieces
 49569 | Vaults:5 | Bought a potion of curing for 57 gold pieces
 49569 | Vaults:5 | Bought a potion of resistance for 190 gold pieces
 49569 | Vaults:5 | Bought a potion of invisibility for 152 gold pieces
 49569 | Vaults:5 | Bought 2 potions of cancellation for 304 gold pieces
 50677 | Depths:4 | Received a gift from Trog
 50728 | Depths:4 | Found a one-way gate to the infinite horrors of the Abyss.
 50810 | Depths:4 | Reached skill level 24 in Axes
 51055 | Depths:5 | Entered Level 5 of the Depths
 51230 | Depths:5 | Paralysed by a great orb of eyes for 7 turns
 51257 | Depths:5 | Received a gift from Trog
 51323 | Depths:5 | Noticed Margery
 51341 | Depths:5 | Killed Margery
 51341 | Depths:5 | Reached XP level 26. HP: 229/236 MP: 9/29
 51435 | Depths:5 | Found a gate to the Realm of Zot.
 51688 | Depths:5 | Reached skill level 25 in Axes
 51843 | Depths:5 | Found a gateway to a ziggurat.
 52162 | Zot:1    | Entered Level 1 of the Realm of Zot
 52226 | Zot:1    | Noticed an orb of fire
 52255 | Zot:1    | Killed an orb of fire
 52581 | Zot:1    | Received a gift from Trog
 52756 | Zot:1    | Noticed an orb of fire
 52780 | Zot:1    | Killed an orb of fire
 53097 | Zot:2    | Reached skill level 26 in Axes
 53611 | Zot:2    | Noticed an orb of fire
 53651 | Zot:2    | Killed an orb of fire
 53651 | Zot:2    | Reached XP level 27. HP: 165/245 MP: 9/29
 54514 | Zot:5    | Entered Level 5 of the Realm of Zot
 55128 | Zot:5    | Noticed an ancient lich
 55155 | Zot:5    | Killed an ancient lich
 55222 | Zot:5    | Noticed an ancient lich
 55231 | Zot:5    | Killed an ancient lich
 55231 | Zot:5    | Received a gift from Trog
 55253 | Zot:5    | Noticed an orb of fire
 55262 | Zot:5    | Killed an orb of fire
 55310 | Zot:5    | Noticed an orb of fire
 55311 | Zot:5    | Noticed an ancient lich
 55330 | Zot:5    | Killed an orb of fire
 55335 | Zot:5    | Noticed an ancient lich
 55345 | Zot:5    | Killed an ancient lich
 55353 | Zot:5    | Killed an ancient lich
 55399 | Zot:5    | Noticed an ancient lich
 55426 | Zot:5    | Killed an ancient lich
 56052 | Zot:5    | Noticed an orb of fire
 56070 | Zot:5    | Killed an orb of fire
 56190 | Zot:5    | Got the Orb of Zot
 56275 | Zot:5    | Noticed Sisuetem the pandemonium lord
 56535 | Depths:4 | Received a gift from Trog
 56694 | D:15     | Noticed Vohyol the pandemonium lord
 56712 | D:15     | Killed Vohyol the pandemonium lord
 56911 | D:7      | Noticed Paocsug the pandemonium lord
 56917 | D:7      | Noticed Oshaj the pandemonium lord
 57082 | D:2      | Noticed Ugenonla the pandemonium lord
 57154 | D:$      | Escaped with the Orb!

Skill      XL: |  1  2  3  4  5  6  7  8  9 10 11 12 13 14 15 16 17 18 19 20 21 22 23 24 25 26 27 |
---------------+----------------------------------------------------------------------------------+-----
Axes           | 3 4 5 6 7 8 9 10 12 14 17 20 22 24 26 | 26.0
Stealth        | 4 8 |  8.0
Fighting       | 6 9 10 13 14 18 19 20 21 | 21.0
Dodging        | 5 6 8 13 15 16 18 | 18.6
Evocations     | 6 10 | 10.0
Armour         | 4 6 8 13 15 16 19 | 19.0
Shields        | 4 |  4.0
Staves         | 7 12 | 12.0

Action                   |  1- 3 |  4- 6 |  7- 9 | 10-12 | 13-15 | 16-18 | 19-21 | 22-24 | 25-27 || total
-------------------------+-------+-------+-------+-------+-------+-------+-------+-------+-------++-------
Melee: Hand axe          |   137 |   127 |   323 |   285 |       |       |       |       |       ||   872
       War axe           |       |       |       |   578 |   654 |       |       |       |       ||  1232
       Dire flail        |       |       |       |     4 |     7 |       |       |       |       ||    11
       Whip              |       |       |       |       |    19 |       |       |       |       ||    19
       Staff             |       |       |       |       |   767 |  1139 |   615 |   144 |   182 ||  2847
       Battleaxe         |       |       |       |       |    17 |       |       |   175 |       ||   192
       Broad axe         |       |       |       |       |    30 |   406 |  1295 |   869 |       ||  2600
       Executioner's axe |       |       |       |       |       |       |       |   506 |  1580 ||  2086
Throw: Stone             |     4 |       |    22 |     7 |       |       |       |       |       ||    33
       Throwing net      |       |     1 |     1 |     2 |     1 |       |       |       |       ||     5
       Tomahawk          |       |       |       |     1 |     3 |       |       |       |       ||     4
Invok: Trog's Hand       |       |     2 |       |     2 |     2 |       |     2 |     2 |     3 ||    13
       Burn Spellbooks   |       |       |     1 |     2 |     1 |       |       |       |       ||     4
       Brothers in Arms  |       |       |       |     2 |     1 |       |       |     1 |     2 ||     6
 Abil: Evoke Flight      |       |       |       |       |     1 |       |       |       |       ||     1
Evoke: Wand              |       |     3 |     2 |     8 |    28 |    11 |       |    15 |     7 ||    74
       Phial of floods   |       |       |       |     1 |     2 |     2 |     1 |     2 |       ||     8
       Sack of spiders   |       |       |       |       |     3 |       |       |       |       ||     3
       Disc of storms    |       |       |       |       |       |     2 |       |       |       ||     2
       Box of beasts     |       |       |       |       |       |       |       |     1 |       ||     1
  Use: Scroll            |       |    16 |     4 |    10 |    14 |    11 |    10 |    29 |    13 ||   107
       Potion            |       |     1 |       |     2 |     3 |     6 |       |    16 |     7 ||    35
 Stab: Sleeping          |       |       |     3 |     6 |     3 |       |       |       |     2 ||    14
       Distracted        |       |       |     1 |     1 |       |     1 |       |     1 |     4 ||     8
       Confused          |       |       |       |     3 |       |       |       |       |       ||     3
       Petrified         |       |       |       |       |       |     4 |       |       |       ||     4
       Invisible         |       |       |       |       |       |       |       |     2 |       ||     2
  Eat: Chunk             |    12 |    12 |    35 |    95 |   226 |   212 |   157 |   199 |   165 ||  1113
       Beef jerky        |       |       |       |       |     1 |       |       |       |       ||     1
       Meat ration       |       |       |       |       |       |       |     1 |       |     1 ||     2
       Pizza             |       |       |       |       |       |       |     1 |       |       ||     1
Armor: Animal skin       |    17 |    63 |   108 |   238 |   192 |       |       |       |       ||   618
       Ring mail         |    13 |    15 |       |       |       |       |       |       |       ||    28
       Troll leather arm |       |       |       |       |   118 |       |       |       |       ||   118
       Chain mail        |       |       |       |       |   135 |   497 |   465 |   246 |       ||  1343
       Fire dragon scale |       |       |       |       |       |       |       |   234 |   572 ||   806
Dodge: Dodged            |    86 |    82 |   127 |   457 |   881 |   906 |  1356 |  1868 |  2136 ||  7899
       Deflected         |       |       |       |       |       |       |    10 |    41 |    47 ||    98
Block: Other             |       |       |     8 |   115 |    19 |       |       |       |       ||   142
       Reflection        |       |       |     1 |     1 |     7 |    51 |    39 |       |       ||    99
       Buckler           |       |       |       |       |   566 |   577 |   538 |   172 |       ||  1853
